 Dungeon Crawl Stone Soup version 0.18-a0-1197-g8004e50 (webtiles) character file.

770 krabocopter the Basher (level 7, -9/41 HPs)
             Began as a Gargoyle Fighter on Jan 30, 2016.
             Mangled by an ogre
             ... wielding a +0 giant club
              (22 damage)
             ... on level 4 of the Dungeon.
             The game lasted 00:11:16 (2580 turns).

krabocopter the Basher (Gargoyle Fighter)           Turns: 2580, Time: 00:11:16

Health: -9/41      AC: 13    Str: 19    XL:     7   Next: 83%
Magic:  7/7        EV:  7    Int:  9    God:
Gold:   151        SH:  9    Dex: 11    Spells: 0 memorised, 6 levels left

rFire  . . .     SeeInvis .     y - +1 flail
rCold  . . .     Gourm    .     b - +0 scale mail
rNeg   + . .     Faith    .     c - +0 shield
rPois  ∞         Spirit   .     (no helmet)
rElec  +         Dismiss  .     j - +1 cloak
rCorr  .         Reflect  .     (no gloves)
SustAt .         Harm     .     (no boots)
MR     .....                    (no amulet)
Stlth  ..........               (no ring)
                                (no ring)

@: not resistant to hostile enchantments, extremely unstealthy
A: negative energy resistance 1, electricity resistance, unbreathing,
petrification resistance, rot immunity, AC +4
a: no special abilities


You were on level 4 of the Dungeon.
You were not hungry.

You visited 1 branch of the dungeon, and saw 4 of its levels.

You collected 151 gold pieces.

Inventory:

Hand Weapons
 o - a +0 short sword of speed
 y - a +1 flail (weapon)
Armour
 b - a +0 scale mail (worn)
 c - a +0 shield (worn)
 j - a +1 cloak (worn)
Wands
 a - a wand of polymorph (8/24)
 t - a wand of random effects (33/48)
 z - a wand of flame (22/48)
Scrolls
 k - 3 scrolls of enchant armour
 p - a scroll of magic mapping
 q - a scroll of immolation {unknown}
 r - a scroll of remove curse
 s - a scroll of teleportation {unknown}
 v - a scroll of blinking {unknown}
 w - 3 scrolls of identify {unknown}
 x - a scroll of fear {unknown}
Potions
 d - 3 potions of might
 e - 2 potions of magic {unknown}
 g - a potion of cure mutation {unknown}
 i - 2 potions of flight {unknown}
 m - a potion of lignification {unknown}
 n - 3 potions of curing {unknown}
 u - a potion of invisibility {unknown}
 A - a potion of brilliance {unknown}
Comestibles
 f - 4 bread rations
 h - 2 beef jerkies
 l - 3 meat rations


   Skills:
 - Level 3.2 Fighting
 - Level 8.1 Maces & Flails
 - Level 3.2 Armour
 + Level 4.7 Shields


You had 6 spell levels left.
You didn't know any spells.

Dungeon Overview and Level Annotations

Branches:
Dungeon (4/15)
 Temple: D:4-7

Altars:
Cheibriados
Gozag
Makhleb
Xom
Yredelemnul


Innate Abilities, Weirdness & Mutations

You are resistant to torment.
Your stone body is resilient (AC +4).
You are immune to poison.
You resist negative energy.
You are resistant to electric shocks.
You can survive without breathing.
You are immune to petrification.
You are immune to rotting.


Message History

The hound bites you but does no damage.
You sock the hound!
You kill the hound!
An ogre comes into view. It is wielding a giant club.
You see here a scale mail.
The ogre shouts!
You see here a scale mail.
You hit the ogre.
The ogre is lightly wounded.
The ogre hits you with a giant club!
You hit the ogre.
The ogre is lightly wounded.
You completely miss the ogre.
The ogre is lightly wounded.
The ogre hits you with a giant club!!
You sock the ogre!
The ogre is heavily wounded.
The ogre hits you with a giant club!!
Ouch! That really hurt!
You die...

**,*****,**,,,**,..##
**,*****,**,,,,,,...*
**,,,,,,,**,,,**,..#**
****,,,,,*****,,,..,,* * *,,,,,*
#,##.#*,* * *,,,,,* #.#..**,* *
*,,,,,* #.#.###.# * ***,***
#.(O....# ******,* ###@#####
,*#,,,,* #.# .##.#### ######.#
****** .......# #......####
**,,,,, ..#.##.####.#######.##
*,,,,,,
.(........#.######...######.,***,
#.###.###.#.#...............,,,,,
#.....# #...#,***#.)<#*****,,***,
#####.###.###,*###.)## *,,***,


You could see an ogre.

Vanquished Creatures
  Sigmund (D:2)
  3 wights (D:3)
  4 crimson imps (D:3)
  2 hounds
  2 orc wizards
  An iguana (D:4)
  Natasha (D:4)
  3 gnolls (D:3)
  9 adders
  3 oozes
  A worm (D:2)
  4 orcs
  3 ball pythons
  7 giant cockroaches
  2 gnoll zombies (D:3)
  5 hobgoblins
  8 jackals
  5 bats
  4 giant newts
  6 goblins
  4 kobolds
  7 rats
85 creatures vanquished.

Notes
Turn   | Place    | Note
--------------------------------------------------------------
     0 | D:1      | krabocopter the Gargoyle Fighter began the quest for the Orb.
     0 | D:1      | Reached XP level 1. HP: 14/14 MP: 1/1
   102 | D:1      | Reached XP level 2. HP: 19/19 MP: 2/2
   445 | D:2      | Reached XP level 3. HP: 10/23 MP: 3/3
   732 | D:2      | Found a shimmering altar of Xom.
   732 | D:2      | Found a burning altar of Makhleb.
   797 | D:2      | Noticed Sigmund
   812 | D:2      | Killed Sigmund
   812 | D:2      | Reached skill level 5 in Maces & Flails
   812 | D:2      | Reached XP level 4. HP: 18/28 MP: 4/4
   812 | D:2      | Reached XP level 5. HP: 20/32 MP: 5/5
   904 | D:2      | Found a burning altar of Makhleb.
   909 | D:2      | Reached skill level 6 in Maces & Flails
   909 | D:2      | Reached XP level 6. HP: 26/37 MP: 6/6
  1261 | D:3      | Found a snail-covered altar of Cheibriados.
  1300 | D:3      | Found a basalt altar of Yredelemnul.
  1357 | D:3      | Reached skill level 7 in Maces & Flails
  1404 | D:3      | Reached XP level 7. HP: 24/41 MP: 7/7
  1729 | D:3      | Found a shimmering altar of Xom.
  1987 | D:3      | Reached skill level 8 in Maces & Flails
  2389 | D:4      | Noticed Natasha
  2401 | D:4      | Killed Natasha
  2417 | D:4      | Found an opulent altar of Gozag.
  2580 | D:4      | Mangled by an ogre

Vault maps used:
D:1:      eino_arrival_druids_welcome
D:2:      gammafunk_temple_overflow_statue, minmay_liquid_box,
          makhleb_heckhound_becter, uniq_sigmund
D:3:      cheibriados_altar_1, lemuel_zombie_altar_yredelemnul,
          minmay_crystal_water, led_xom_imps
D:4:      lemuel_round_altar, first_bread, uniq_natasha, uniq_crazy_yiuf_cottage

Action                   |  1- 3 |  4- 6 |  7- 9 || total
-------------------------+-------+-------+-------++-------
Melee: Flail             |   111 |   117 |   127 ||   355
  Use: Scroll            |       |       |     3 ||     3
  Eat: Chunk             |       |     2 |     4 ||     6
